[Event "3rd Gujarat GM Open 2022"]
[Site "Ahmedabad"]
[Date "2022.04.06"]
[Round "9.10"]
[White "Ayush Sharma"]
[Black "Vignesh N R"]
[Result "1/2-1/2"]
[ECO "C07"]
[WhiteElo "2302"]
[BlackElo "2444"]
[Annotator "TA"]
[PlyCount "102"]
[EventDate "2022.03.31"]
[EventType "swiss"]
[EventCountry "IND"]
[SourceTitle "playchess.com"]
[Source "ChessBase"]
[SourceQuality "1"]
[TimeControl "5400+30"]

1. e4 e6 2. d4 d5 3. Nd2 c5 4. exd5 Qxd5 5. Ngf3 cxd4 6. Bc4 Qd7 7. O-O Nc6 8. Nb3 a6 9. Nbxd4 Nxd4 10. Qxd4 Qxd4 11. Nxd4 Bd7 12. Re1 O-O-O 13. Bf4 Ne7 14. a4 Ng6 15. Bg3 Bc5 16. Nf3 h5 17. h4 Ne7 18. Ng5 Nf5 19. Re5 Bb6 20. Rxf5 exf5 21. Nxf7 Bc7 22. Nxh8 Rxh8 23. Bxc7 Kxc7 24. a5 Re8 25. Bd3 f4 26. f3 Re5 27. Kf2 Bf5 28. b4 Bxd3 29. cxd3 Kd6 30. Re1 Rd5 31. Re4 Rxd3 32. Rxf4 Ke6 33. g4 hxg4 34. Rxg4 ({Resist} 34. fxg4 $6 b5 35. h5 (35. axb6 Rd6 $16) 35... Rd7) 34... Rd7 $2 (34... Kf7 {was worth a try.} 35. Rc4 Rd7) 35. Kg3 (35. h5 $142 Ke5 36. Kg3) 35... Kf7 $18 {[%emt 0:00:19] [#]} 36. Rc4 (36. Rg5 $1 $18) 36... Kg6 $16 {[%emt 0:00:07] [#]} 37. Kg4 (37. Kf2 $1 $16) 37... Rd5 $1 $11 38. f4 Rb5 $1 39. Rd4 Kh7 $1 40. f5 b6 41. axb6 Rxb6 42. Kg5 Rb5 43. h5 a5 44. bxa5 Rxa5 45. Rd7 Ra6 46. Re7 Rb6 47. Re6 Rb1 48. h6 Rg1+ 49. Kf4 Rf1+ 50. Ke5 Re1+ 51. Kd6 Rf1 1/2-1/2

[Event "3rd Gujarat GM Open 2022"]
[Site "Ahmedabad"]
[Date "2022.04.06"]
[Round "9.11"]
[White "Nitin, S.."]
[Black "Wagh Suyog"]
[Result "1-0"]
[ECO "A07"]
[WhiteElo "2427"]
[BlackElo "2232"]
[Annotator "TA"]
[PlyCount "114"]
[EventDate "2022.03.31"]
[EventType "swiss"]
[EventCountry "IND"]
[SourceTitle "playchess.com"]
[Source "ChessBase"]
[SourceQuality "1"]
[TimeControl "5400+30"]

1. Nf3 d5 2. g3 g6 3. Bg2 Bg7 4. O-O e5 5. d3 Ne7 6. e4 O-O 7. Nbd2 c5 8. exd5 Nxd5 9. Nb3 Qc7 10. Bd2 Rd8 11. Qc1 a5 12. Bh6 a4 13. Bxg7 Kxg7 14. Nbd2 Nc6 15. Re1 f6 16. a3 Be6 17. Ne4 b6 18. h4 Nd4 19. Nfd2 h6 20. c3 Nf5 21. Nf3 Qf7 22. Nh2 Ra7 23. Ng4 h5 24. Nexf6 hxg4 25. Nxg4 Rh8 26. Nxe5 Qf6 27. Ng4 Qf7 28. c4 Nf6 29. Ne5 Qg8 30. h5 Nxh5 31. Qg5 Bf7 32. g4 Nd4 33. gxh5 Rxh5 34. Qg4 (34. Qg3 $1 $14) 34... Re7 (34... Nc2 $11 35. Nc6 Ra8) 35. Nf3 $1 $14 Ne6 (35... Nxf3+ $14 36. Qxf3 Qd8) 36. d4 (36. Re3 $18) 36... cxd4 (36... Qe8 $16) 37. Nxd4 $18 Qe8 (37... Re8 $142 38. Nf3 Qh8) 38. Re3 $2 (38. Bc6 $1 $18 Qb8 39. Rxe6 (39. Nxe6+ Rxe6 40. Rxe6 Qh2+ 41. Kf1 Rh4 $16) 39... Bxe6 40. Nxe6+ Kh6 41. Re1 (41. Nf4 $2 Rg5 $19)) 38... Nc5 $2 {[%emt 0:00:30][%mdl 8192] [#]} (38... Qd7 $14 39. Rd1 Nxd4 40. Qxd4+ (40. Rxd4 Qxg4 41. Rxg4 Rhe5 $14) 40... Qxd4 41. Rxd4 Rxe3 42. fxe3 Rc5) 39. Rxe7 $1 $18 Qxe7 {[%emt 0:00:30] [#]} 40. Qxh5 $1 gxh5 41. Nf5+ Kf6 42. Nxe7 Kxe7 43. Bd5 Bg6 44. Re1+ Kd6 45. f4 Bd3 46. Re5 h4 47. Rh5 b5 48. Rh6+ Ke7 49. cxb5 Bxb5 50. f5 Nd7 51. Rxh4 Kf6 52. Rb4 Be2 53. Rxa4 Kxf5 54. Be6+ Kxe6 55. Re4+ Kd5 56. Rxe2 Kc4 57. Re3 Kd5 1-0

[Event "3rd Gujarat GM Open 2022"]
[Site "Ahmedabad"]
[Date "2022.04.06"]
[Round "9.12"]
[White "Kaustuv, Kundu"]
[Black "Sammed Jaykumar, Shete"]
[Result "0-1"]
[ECO "A28"]
[WhiteElo "2308"]
[BlackElo "2408"]
[Annotator "TA"]
[PlyCount "84"]
[EventDate "2022.03.31"]
[EventType "swiss"]
[EventCountry "IND"]
[SourceTitle "playchess.com"]
[Source "ChessBase"]
[SourceQuality "1"]
[TimeControl "5400+30"]

1. c4 e5 2. Nc3 Nf6 3. Nf3 Nc6 4. e4 Bb4 5. d3 d6 6. a3 Bc5 7. b4 Bb6 8. Na4 Bd4 9. Rb1 Bg4 10. Be2 Bxf3 11. Bxf3 Qe7 12. Bd2 Nd8 13. Nc3 c6 14. Ne2 Bb6 15. Be3 Bxe3 16. fxe3 Ne6 17. Nc3 O-O 18. O-O g6 19. Rb2 Kg7 20. Rbf2 Ng8 21. d4 Nc7 22. Bg4 Rad8 23. d5 Qg5 24. Qf3 cxd5 25. cxd5 h5 26. Bh3 Nh6 27. Qf6+ (27. Nd1 $11) 27... Qxf6 $17 28. Rxf6 Ng4 ({Worse is} 28... Nf5 29. R6xf5 gxf5 30. Bxf5 $15) 29. Bxg4 hxg4 30. h3 Ne8 31. R6f2 Rc8 32. Rc1 gxh3 33. gxh3 a6 34. Rfc2 {[%emt 0:00:30] [#]} Rc4 $1 35. Kg2 Nf6 36. Nd1 Rxe4 37. Kf3 (37. Rd2 $142) 37... Rh4 $19 38. Nf2 e4+ 39. Ke2 Nxd5 40. Rd2 {[%emt 0:00:30] [#]} Rh5 $1 41. Nxe4 Re8 42. Rc4 (42. Rd4 $142) 42... Nxe3 0-1

[Event "3rd Gujarat GM Open 2022"]
[Site "Ahmedabad"]
[Date "2022.04.06"]
[Round "9.13"]
[White "Shahil Dey"]
[Black "Garv Rai"]
[Result "1-0"]
[ECO "B07"]
[WhiteElo "2400"]
[BlackElo "1869"]
[Annotator "TA"]
[PlyCount "131"]
[EventDate "2022.03.31"]
[EventType "swiss"]
[EventCountry "IND"]
[SourceTitle "playchess.com"]
[Source "ChessBase"]
[SourceQuality "1"]
[TimeControl "5400+30"]

1. e4 d6 2. d4 Nf6 3. Nc3 Nbd7 4. f4 e5 5. Nf3 exd4 6. Qxd4 c6 7. Bd2 d5 8. O-O-O Bc5 9. Qd3 O-O 10. e5 Ng4 11. Ng5 f5 12. Nh3 Be7 13. Qf3 Nc5 14. Nf2 Qb6 15. Be1 Ne3 16. Rd2 Be6 17. Be2 Rad8 18. Rd4 Nb3+ 19. axb3 Qxd4 20. h3 Qb6 21. Na4 Qc7 22. Qxe3 d4 23. Qd2 b5 24. g4 bxa4 25. bxa4 Qb6 26. gxf5 Rb8 27. Nd3 Bxf5 28. b3 Ba3+ 29. Kd1 c5 30. Bf3 Kh8 31. Bd5 Qg6 32. Bc4 Be4 33. Rf1 Bg2 34. Rf2 Bxh3 35. Qa5 Bg4+ 36. Kd2 Qe4 37. c3 dxc3+ 38. Kc2 Bb4 39. Qc7 Be2 40. Bxc3 Bxc3 41. Rxe2 Qxe2+ 42. Kxc3 Rbc8 (42... Rfd8 $142 43. Qxa7 Qd1) 43. Qxa7 Rxf4 ({But not} 43... Rfd8 $2 44. Qf7 $19) 44. Qd7 (44. Nxf4 $142 Qxe5+ 45. Kc2 Qxf4 46. Qe7) 44... Rcf8 45. Qd6 (45. Nxf4 $142 Qxe5+ 46. Kc2 Qxf4 47. Qe7) 45... Qf1 (45... Rf3 $142 {( -> ...Qe1+)} 46. Bb5 Rc8) 46. Qxc5 (46. Nxf4 $142 Qc1+ 47. Kd3 Qxf4 48. Kc2 Qf2+ 49. Qd2 Qf5+ 50. Bd3 Qxe5 51. a5) 46... Qa1+ $19 47. Kc2 Rf1 48. e6 {[%emt 0:00:01] [#]} Qf6 $2 (48... R1f2+ $3 49. Nxf2 {[#]} Rxf2+ $1 50. Kd3 Qd1+ 51. Ke4 Qf3+ 52. Ke5 Qg3+ 53. Ke4 Rf4+ 54. Kd5 Rf5+ 55. Kc6 Rxc5+ 56. Kxc5 Qc7+ 57. Kb5 g5) 49. a5 (49. b4 $142) 49... Rh1 $19 ({Worse is} 49... Qa1 50. e7 Rb8 51. Qb5 Qb1+ 52. Kc3 Qa1+ 53. Kc2 Qb1+ 54. Kc3 Qa1+ 55. Kc2 $11) 50. Qe5 Qf1 51. a6 $2 (51. Qd6) 51... Qb1+ $19 ({Don't blunder} 51... Rc8 $2 52. e7 Re8 53. Kc3 $19) 52. Kc3 Rc1+ $1 53. Kb4 Rxc4+ $1 54. Kxc4 Rc8+ $4 (54... Qc2+ $19 55. Kb4 Qxd3) 55. Nc5 $18 Qf1+ 56. Kb4 Qh3 57. Ka5 Qg2 58. b4 Qa2+ 59. Kb6 Qg2 60. b5 Re8 61. Qd6 h5 62. a7 h4 63. Qd7 Qg6 64. Qf7 Qxf7 65. exf7 Rf8 66. Ne6 1-0

[Event "3rd Gujarat GM Open 2022"]
[Site "Ahmedabad"]
[Date "2022.04.06"]
[Round "9.14"]
[White "Karthikeyan, P.."]
[Black "Ratnakaran, K.."]
[Result "0-1"]
[ECO "A40"]
[WhiteElo "2396"]
[BlackElo "2316"]
[Annotator "TA"]
[PlyCount "156"]
[EventDate "2022.03.31"]
[EventType "swiss"]
[EventCountry "IND"]
[SourceTitle "playchess.com"]
[Source "ChessBase"]
[SourceQuality "1"]
[TimeControl "5400+30"]

1. d4 c5 2. d5 d6 3. c4 g6 4. Nf3 Bg7 5. e4 a6 6. Be2 Bg4 7. Nfd2 Bxe2 8. Qxe2 Nd7 9. O-O h5 10. Nf3 h4 11. h3 Qc7 12. Ng5 Ngf6 13. f4 Nh5 14. Qd3 Ng3 15. Re1 Bd4+ 16. Kh2 Nf6 17. Nc3 Rh5 18. Be3 Bxc3 19. bxc3 Nh7 20. Nxh7 Rxh7 21. Bf2 Nh5 22. Qf3 Ng7 23. f5 g5 24. f6 Nh5 25. Qf5 Nxf6 26. e5 dxe5 27. d6 Qxd6 28. Rad1 Qe6 29. Qxe6 fxe6 30. Rxe5 g4 31. Bxc5 Nd7 32. Rg5 g3+ 33. Kg1 O-O-O 34. Be3 e5 35. Rf1 Kc7 36. c5 Kc6 37. c4 a5 38. a4 Nxc5 39. Bxc5 Kxc5 40. Rxe5+ Kc6 41. Rxa5 Rd4 42. Ra8 e5 43. Re8 Rxc4 44. Rxe5 Rxa4 45. Rc1+ Kb6 46. Rb1+ Ka6 47. Reb5 Rc7 48. Rb6+ Ka7 49. R6b2 Rac4 50. Ra1+ Kb8 51. Kf1 Rc1+ 52. Rxc1 Rxc1+ 53. Ke2 Rc4 54. Kd3 Ra4 55. Rc2 Ka7 56. Rc7 Ka6 57. Rh7 Rf4 58. Kc3 b6 59. Rh5 Ra4 60. Kb3 Re4 61. Kc3 b5 ({And not} 61... Re2 62. Rxh4 Rxg2 63. Rg4 $11) 62. Rh8 Kb6 $2 (62... Rc4+ 63. Kb3 Re4) 63. Rh7 $2 (63. Rb8+ Kc5 64. Rc8+ Kd5 65. Rd8+ Kc6 66. Rc8+ Kd5 67. Rd8+ Kc6 68. Rc8+ Kd7 69. Rh8) 63... Rc4+ 64. Kb3 Rf4 65. Rh5 Re4 66. Kc3 Ka5 67. Rh8 (67. Kb3 $142 Rb4+ 68. Ka3) 67... b4+ $19 68. Kb3 Re3+ 69. Kb2 Ka4 70. Ra8+ Kb5 71. Rh8 Kc4 72. Rxh4+ {[%emt 0:00:30] [#]} Kd3 $1 73. Rxb4 Re2+ 74. Kc1 Rxg2 75. Rb3+ Ke2 76. Kc2 Rg1 77. Rb8 g2 78. Rg8 Kf3 0-1

[Event "3rd Gujarat GM Open 2022"]
[Site "Ahmedabad"]
[Date "2022.04.06"]
[Round "9.15"]
[White "Arpita, Mukherjee"]
[Black "Sidhant, Mohapatra"]
[Result "1/2-1/2"]
[ECO "C77"]
[WhiteElo "2260"]
[BlackElo "2359"]
[Annotator "TA"]
[PlyCount "150"]
[EventDate "2022.03.31"]
[EventType "swiss"]
[EventCountry "IND"]
[SourceTitle "playchess.com"]
[Source "ChessBase"]
[SourceQuality "1"]
[TimeControl "5400+30"]

1. e4 e5 2. Nf3 Nc6 3. Bb5 a6 4. Ba4 Nf6 5. d3 d6 6. c3 g6 7. Nbd2 Bg7 8. Nf1 O-O 9. Ng3 Bd7 10. O-O Qe8 11. Re1 Kh8 12. Bc2 Ng8 13. h3 Qe7 14. d4 Rae8 15. a4 exd4 16. cxd4 Nb4 17. Bb3 a5 18. Bd2 Be6 19. d5 Bd7 20. Bc3 Bxc3 21. bxc3 Na6 22. e5 Nc5 23. Bc2 dxe5 24. Nxe5 Qf6 25. Qd4 b6 26. Re3 Qg7 27. Rae1 f6 28. Nxd7 Qxd7 29. h4 Rxe3 30. Rxe3 Re8 31. h5 Rxe3 32. Qxe3 Kg7 33. Qf4 Nh6 34. Ne4 Nxe4 35. Qxe4 Nf5 36. c4 Nd6 37. Qd4 Qe7 38. hxg6 hxg6 39. c5 bxc5 40. Qxc5 Qe1+ 41. Kh2 Qe5+ 42. Kg1 Nb7 43. Qb5 Qe1+ 44. Kh2 Nd6 45. Qd3 Qe5+ 46. g3 f5 47. Qd2 Qb2 48. Qe2 Qc3 49. Kg2 Nf7 50. Qd3 Qxd3 51. Bxd3 Ne5 52. Bb5 Ng4 53. Bc6 Kf6 54. f4 Ke7 55. Kf3 Nf6 56. Ke3 Kd6 57. Kd4 Nh5 58. Be8 Nxg3 59. Bxg6 Ne2+ 60. Kc4 Nxf4 61. Bxf5 Nxd5 62. Kb5 Nb6 63. Kxa5 Kc5 64. Bc2 Nc4+ 65. Ka6 Kb4 66. Kb7 c5 67. Kc6 Na5+ 68. Kd5 c4 69. Kd4 Nb3+ 70. Kd5 c3 71. Bh7 Na5 72. Kd4 Nb3+ 73. Kd5 $1 Nc5 74. a5 Ne4 75. Bxe4 Kxa5 1/2-1/2

[Event "3rd Gujarat GM Open 2022"]
[Site "Ahmedabad"]
[Date "2022.04.06"]
[Round "9.16"]
[White "Jain Kashish Manoj"]
[Black "Konguvel, Ponnuswamy"]
[Result "1-0"]
[ECO "B31"]
[WhiteElo "2162"]
[BlackElo "2358"]
[Annotator "TA"]
[PlyCount "99"]
[EventDate "2022.03.31"]
[EventType "swiss"]
[EventCountry "IND"]
[SourceTitle "playchess.com"]
[Source "ChessBase"]
[SourceQuality "1"]
[TimeControl "5400+30"]

1. e4 c5 2. Nf3 Nc6 3. Bb5 g6 4. O-O Bg7 5. Re1 e5 6. Nc3 Nge7 7. a3 O-O 8. Bc4 d6 9. Rb1 Be6 10. Nd5 h6 11. b4 b6 12. d3 Nd4 13. Nxe7+ Qxe7 14. Nd2 Rac8 15. c3 Nc6 16. Bd5 Qd7 17. Qb3 Bxd5 18. exd5 Ne7 19. c4 f5 20. bxc5 Rxc5 21. a4 g5 22. Ba3 Rc7 23. Qb5 Ng6 24. a5 bxa5 25. Qxd7 Rxd7 26. g3 e4 27. dxe4 Bc3 28. exf5 Bxd2 29. Re6 Ne5 30. Bxd6 Nf3+ 31. Kg2 Rxf5 32. c5 $1 Bb4 $2 (32... Rdf7 $11 33. c6 Ne1+ 34. Kh3 g4+ 35. Kxg4 Rg5+ 36. Kh3 Rh5+ 37. Kg4 Rg5+ 38. Kh3 Rh5+ 39. Kg4 Rg5+) 33. c6 $18 Rxd6 (33... Rdf7 $142 34. c7 Rxc7) 34. Rxb4 (34. Re8+ $142 Rf8 35. Rxf8+ Kxf8 36. c7) 34... Rdxd5 $18 (34... axb4 $2 35. c7 Rxe6 36. c8=Q+ Rf8 37. Qxe6+ Kh7 38. Qe7+ Kg8 39. d6 $18) (34... Rxe6 $2 35. Rb8+ Kf7 36. c7 Ne1+ 37. Kg1 Nf3+ 38. Kg2 Ne1+ 39. Kg1 Nf3+ 40. Kg2 $18) 35. Rb7 Rc5 36. Re8+ $2 (36. c7 $18) 36... Rf8 $16 37. Rxf8+ ({White should try} 37. Ree7 $1 $16 {[%cal Re7g7] Intending Rg7+ and mate.} Ne1+ 38. Kf1 (38. Rxe1 Rxc6 39. Ree7 Rf5 $16)) 37... Kxf8 $11 38. c7 Ne1+ 39. Kf1 Ke8 40. Kxe1 Kd7 41. Rxa7 Rxc7 (41... g4 $11 {remains equal.}) 42. Rxa5 $16 Rc1+ {[%emt 0:00:32] [#]} 43. Ke2 $1 Rh1 $2 {[%emt 0:00:02][%mdl 8192] [#]} (43... Rc6 $16) 44. h4 $1 $18 gxh4 45. Rh5 h3 (45... Ra1 $142 46. gxh4 (46. Rxh4 Ra2+ 47. Kf3 Ra6 $16) 46... Ra6) 46. Rxh6 $18 Ke7 47. Kf3 Kf7 48. g4 h2 49. Rh4 Kg6 50. Kg3 (50. Kg2 $142 Ra1 51. f3) 1-0

[Event "3rd Gujarat GM Open 2022"]
[Site "Ahmedabad"]
[Date "2022.04.06"]
[Round "9.17"]
[White "Chanda, Sandipan"]
[Black "Ram Aravind L N"]
[Result "1-0"]
[ECO "D02"]
[WhiteElo "2485"]
[BlackElo "2127"]
[Annotator "TA"]
[PlyCount "69"]
[EventDate "2022.03.31"]
[EventType "swiss"]
[EventCountry "IND"]
[SourceTitle "playchess.com"]
[Source "ChessBase"]
[SourceQuality "1"]
[TimeControl "5400+30"]

1. d4 d5 2. Nf3 Nf6 3. e3 e6 4. Nbd2 Bd6 5. c4 b6 6. b4 c5 7. bxc5 bxc5 8. cxd5 Nxd5 9. Ne4 O-O 10. Nxd6 Qxd6 11. Ba3 Nb4 12. Be2 a5 13. O-O Ba6 14. Rc1 cxd4 15. Nxd4 Rd8 16. Qa4 (16. Bf3 $5 Bxf1 17. Bxa8 $14) 16... Bxe2 17. Nxe2 Nd7 18. Nd4 Qb6 19. Nb3 Ne5 20. Rc5 Ned3 21. Rxa5 Rxa5 22. Nxa5 Ra8 23. Bxb4 Qxb4 24. Qxb4 Nxb4 25. a3 Nc2 26. Nc4 Ra4 $1 27. Rb1 h6 28. Ne5 Rxa3 29. Rb8+ Kh7 30. h4 Ra1+ 31. Kh2 Ra5 (31... Ra7 $11 {remains equal.}) 32. Nxf7 $16 Rf5 33. Rf8 (33. Nd6 $5 Rxf2 34. Rb2 $16) 33... Kg6 (33... g6 $1 $11) 34. Nh8+ $16 Kh5 $2 {[%emt 0:00:00][%mdl 8192] [#]} (34... Kh7 $16 35. Rxf5 exf5) 35. Kh3 $1 ({Weaker is} 35. Rxf5+ exf5 36. Kh3 g5 $16) 1-0

[Event "3rd Gujarat GM Open 2022"]
[Site "Ahmedabad"]
[Date "2022.04.06"]
[Round "9.18"]
[White "Santu, Mondal"]
[Black "Raahul V S"]
[Result "0-1"]
[ECO "D11"]
[WhiteElo "2063"]
[BlackElo "2478"]
[Annotator "TA"]
[PlyCount "108"]
[EventDate "2022.03.31"]
[EventType "swiss"]
[EventCountry "IND"]
[SourceTitle "playchess.com"]
[Source "ChessBase"]
[SourceQuality "1"]
[TimeControl "5400+30"]

1. d4 d5 2. Nf3 Nf6 3. c4 c6 4. g3 dxc4 5. Bg2 Nbd7 6. a4 a5 7. O-O Nb6 8. Qc2 Nfd5 9. e4 Nb4 10. Qe2 e5 11. Be3 exd4 12. Nxd4 Bc5 13. Rd1 Qe7 14. Nd2 Nd3 15. b3 Ne5 16. Nxc4 Nbxc4 17. bxc4 O-O 18. Rab1 Ng4 19. Nf5 Bxf5 20. Bxc5 Qxc5 21. exf5 Ne5 22. f6 gxf6 23. Qh5 Qxc4 24. Qh6 Ng4 25. Qh4 Kg7 26. Rd6 Rad8 27. Rxf6 Ne5 28. Qh6+ Kg8 29. Rf4 Rd4 30. Qf6 ({White should play} 30. Bf1 $16 Qd5 31. Rf5 (31. Rxb7 Rd1 $11)) 30... Rxf4 $11 31. gxf4 Qc2 32. Re1 (32. Qg5+ Ng6 33. Rxb7 Qxa4 $15) 32... Qxf2+ 33. Kxf2 Ng4+ 34. Kg3 Nxf6 35. Rb1 $1 Rd8 36. Rxb7 Rd3+ 37. Kh4 Nd5 38. Kg5 Kg7 39. Bxd5 Rxd5+ ({Of course not} 39... cxd5 $6 40. Ra7 $11) 40. Kg4 h5+ 41. Kg3 {[%emt 0:01:23] [#]} (41. Kf3 $15) 41... Rd4 (41... Kg6 $1 $17 {Hoping for ...Rd3+.} 42. Ra7 f6) 42. Rb6 $1 $15 Rc4 ({And not} 42... Rxa4 43. Rxc6 f6 44. Kf3 $17) 43. Ra6 $1 Rc5 ({Not} 43... Rxa4 44. Rxc6 f6 45. Rc5 $17) 44. Ra7 Kg6 45. Rc7 (45. Kh4 $17) 45... f6 46. Ra7 Kf5 47. Kf3 $2 (47. h3 $17) 47... h4 $19 48. Ke3 Kg4 49. Rh7 $2 (49. Rg7+ Kf5 50. Ra7) 49... Rc3+ $19 50. Kd4 Rf3 51. Rg7+ Kf5 52. Kc5 (52. Rc7 $142) 52... Rxf4 $19 53. Kxc6 Rxa4 54. Kb5 Ra2 0-1

[Event "3rd Gujarat GM Open 2022"]
[Site "Ahmedabad"]
[Date "2022.04.07"]
[Round "10.1"]
[White "Nigmatov, Ortik"]
[Black "Neelotpal, Das"]
[Result "1/2-1/2"]
[ECO "C54"]
[WhiteElo "2445"]
[BlackElo "2409"]
[Annotator "TA"]
[PlyCount "80"]
[EventDate "2022.03.31"]
[EventType "swiss"]
[EventCountry "IND"]
[SourceTitle "playchess.com"]
[Source "ChessBase"]
[SourceQuality "1"]
[TimeControl "5400+30"]

1. e4 e5 2. Nf3 Nc6 3. Bc4 Bc5 4. c3 Nf6 5. d3 O-O 6. O-O d5 7. exd5 Nxd5 8. Re1 Nb6 9. Bb3 Bg4 10. h3 Bh5 11. Nbd2 Bd6 12. Ne4 Kh8 13. Ng3 Bxf3 14. Qxf3 f5 15. a4 a5 16. Nf1 Qd7 17. Be3 Rae8 18. Qh5 Ne7 19. Nd2 Nbd5 20. Bg5 Nf6 21. Bxf6 gxf6 (21... Rxf6 $11 22. Nf3 Ng6) 22. Bf7 (22. Nc4 $5 ) 22... Rd8 23. Nf3 Kg7 $1 24. Bc4 Qe8 25. Qxe8 Rfxe8 26. Nh4 f4 27. d4 exd4 28. cxd4 Bb4 29. Re4 Ng6 30. Nf5+ Kh8 31. Rxe8+ Rxe8 32. Rc1 Ne7 33. Bf7 Rf8 34. Be6 Nxf5 35. Bxf5 Rf7 36. d5 Re7 37. Be6 Bd6 38. Kf1 c6 39. dxc6 bxc6 40. Bf5 Bb4 1/2-1/2

[Event "3rd Gujarat GM Open 2022"]
[Site "Ahmedabad"]
[Date "2022.04.07"]
[Round "10.2"]
[White "Anuj Shrivatri"]
[Black "Srihari L R"]
[Result "1-0"]
[ECO "E20"]
[WhiteElo "2350"]
[BlackElo "2400"]
[Annotator "TA"]
[PlyCount "149"]
[EventDate "2022.03.31"]
[EventType "swiss"]
[EventCountry "IND"]
[SourceTitle "playchess.com"]
[Source "ChessBase"]
[SourceQuality "1"]
[TimeControl "5400+30"]

1. d4 Nf6 2. c4 e6 3. Nc3 Bb4 4. f3 c5 5. d5 b5 6. e4 d6 7. Bd2 Bxc3 8. Bxc3 b4 9. Bd2 O-O 10. Be3 Re8 11. Ne2 Ba6 12. Ng3 exd5 13. cxd5 Bxf1 14. Rxf1 Nbd7 15. Kf2 Nb6 16. Bf4 Nfd7 17. b3 Ne5 18. Kg1 f6 19. Be3 Qd7 20. f4 Nf7 21. Qf3 Kh8 22. Rae1 a5 23. Nh5 f5 24. Bc1 fxe4 25. Qg3 Nh6 26. f5 Re5 27. Bb2 Nxd5 28. Bxe5 dxe5 29. Rd1 Qf7 30. Rxd5 Qxh5 31. Rxe5 Ng4 32. Rxe4 Nf6 33. Re7 Rg8 34. h3 Nd5 35. Re5 Qf7 36. Qf3 Nf6 37. Qc6 c4 38. Qxc4 Qa7+ 39. Qc5 Qd7 40. Qe3 a4 41. bxa4 Qxa4 42. Qb3 Qa7+ 43. Kh1 Qd4 44. Qe3 Qc4 45. Rf2 h6 46. Rc5 Qh4 47. Qf4 Qh5 48. Rc1 Re8 49. Qxb4 Re3 50. Qb8+ Kh7 51. Qf4 Qe8 52. Kh2 Re4 53. Qg3 Nh5 54. Qg6+ Qxg6 55. fxg6+ Kxg6 56. Ra1 Ra4 57. a3 Nf6 58. Rb2 Nd5 59. Rb5 Ne3 60. Rb4 Ra6 61. Ra2 Nd5 62. Rg4+ Kf7 63. a4 Ra5 64. Rb2 Ra7 65. Rd4 Nc3 66. Rc4 Nd5 67. Rb5 Ne3 68. Re4 Nd1 69. Rb3 Rc7 70. Re1 Rd7 71. a5 Rd2 72. a6 Nf2 73. a7 Ra2 74. Rf3+ Kg8 75. Re8+ 1-0

[Event "3rd Gujarat GM Open 2022"]
[Site "Ahmedabad"]
[Date "2022.04.07"]
[Round "10.3"]
[White "Abdisalimov, Abdimalik"]
[Black "Stany, G.A."]
[Result "1/2-1/2"]
[ECO "B33"]
[WhiteElo "2435"]
[BlackElo "2517"]
[Annotator "TA"]
[PlyCount "220"]
[EventDate "2022.03.31"]
[EventType "swiss"]
[EventCountry "IND"]
[SourceTitle "playchess.com"]
[Source "ChessBase"]
[SourceQuality "1"]
[TimeControl "5400+30"]

1. e4 c5 2. Nf3 Nc6 3. d4 cxd4 4. Nxd4 Nf6 5. Nc3 e5 6. Ndb5 d6 7. Nd5 Nxd5 8. exd5 Nb8 9. c4 a6 10. Nc3 Be7 11. Be2 O-O 12. O-O f5 13. f4 Nd7 14. Kh1 Bf6 15. Be3 b6 16. Rc1 Bb7 17. b4 Rc8 18. Na4 Kh8 19. Qd2 g6 20. Rfd1 Re8 21. Bf1 exf4 22. Bxf4 Be5 23. Bxe5+ Rxe5 24. Qd4 Kg8 25. Re1 Qe7 26. Red1 b5 27. cxb5 Rxc1 28. Rxc1 axb5 29. Nc3 Nf6 30. h3 Nxd5 31. Nxd5 Bxd5 32. Kh2 Bxa2 33. Rc8+ Kg7 34. Ra8 Bf7 35. Bxb5 Qb7 36. Ra5 Qe4 37. Qc3 Qf4+ 38. Kg1 Qe3+ 39. Qxe3 Rxe3 40. Bc6 Rb3 41. Ra7 Rb1+ 42. Kf2 Kf6 43. b5 Bc4 44. Rb7 d5 45. Rxh7 f4 46. g3 Rb2+ 47. Kf3 Rb3+ 48. Kf2 fxg3+ 49. Kg2 Ke5 50. Rd7 g5 51. Rd8 Kd4 52. Rg8 Bd3 53. Bxd5 Kxd5 54. Rxg5+ Ke4 55. Rg4+ Kf5 56. Rxg3 Rb2+ 57. Kf3 Bxb5 58. h4 Be2+ 59. Ke3 Bg4 60. h5 Rh2 61. h6 Rxh6 62. Kd4 Kf4 63. Rd3 Bf3 64. Rd2 Ra6 65. Rd3 Ra4+ 66. Kc3 Be4 67. Rd1 Ra8 68. Rd2 Ke5 69. Rd4 Ra3+ 70. Kb4 Ra1 71. Rd2 Rc1 72. Kb3 Bd5+ 73. Kb4 Kd6 74. Rd4 Rb1+ 75. Kc3 Kc5 76. Rd3 Bc4 77. Re3 Ra1 78. Re5+ Bd5 79. Re3 Rh1 80. Rg3 Rh4 81. Rd3 Rc4+ 82. Kb2 Rb4+ 83. Kc3 Bc4 84. Re3 Ra4 85. Re5+ Bd5 86. Re3 Be4 87. Kb3 Rb4+ 88. Kc3 Rc4+ 89. Kb3 Bc2+ 90. Kb2 Kd4 91. Re8 Be4 92. Rd8+ Bd5 93. Rd7 Rc5 94. Rd8 Kd3 95. Rb8 Rc2+ 96. Kb1 Rd2 97. Rc8 Rh2 98. Rd8 Kc4 99. Kc1 Be4 100. Rc8+ Kd4 101. Rd8+ Ke3 102. Rc8 Bd3 103. Rc7 Kd4 104. Kd1 Bc4 105. Rd7+ Kc3 106. Ke1 Re2+ 107. Kd1 {[%emt 0:00:05] [#]} Re8 $2 (107... Re5 $1 108. Kc1 Ra5 109. Rb7 Ra2 110. Rb8 Ba6 111. Rb6 Bd3) 108. Rc7 $2 (108. Kc1 $11 Ra8 109. Rb7 Ra2 110. Rb8 Ba6 111. Rb6 Bd3) 108... Rd8+ $2 (108... Ra8 {mates} 109. Rxc4+ Kxc4 110. Ke2 Ra3 111. Kf2 Rd3 112. Ke2 Kc3 113. Ke1 Rd2 114. Kf1 Rc2 115. Ke1 Kd3 116. Kf1 Ke3 117. Kg1 Kf3 118. Kh1 Kg3 119. Kg1 Rc1#) 109. Kc1 $11 Rh8 110. Rd7 Ra8 1/2-1/2

[Event "3rd Gujarat GM Open 2022"]
[Site "Ahmedabad"]
[Date "2022.04.07"]
[Round "10.4"]
[White "Delgado Ramirez, Neuris"]
[Black "Nitin, S.."]
[Result "1/2-1/2"]
[ECO "B51"]
[WhiteElo "2615"]
[BlackElo "2427"]
[Annotator "TA"]
[PlyCount "65"]
[EventDate "2022.03.31"]
[EventType "swiss"]
[EventCountry "IND"]
[SourceTitle "playchess.com"]
[Source "ChessBase"]
[SourceQuality "1"]
[TimeControl "5400+30"]

1. e4 c5 2. Nf3 d6 3. Bb5+ Nd7 4. a4 Ngf6 5. Nc3 a6 6. Be2 b6 7. d4 cxd4 8. Qxd4 e5 9. Qe3 Be7 10. Bc4 O-O 11. Qe2 Bb7 12. O-O Nc5 13. Rd1 b5 14. Ba2 Qc7 (14... Bxe4 15. Nxe4 (15. Nxe5 Bb7 $14) 15... Ncxe4 $16) 15. axb5 Ncxe4 16. Nxe4 Bxe4 17. Bg5 Bb7 (17... Bxc2 $2 18. Rdc1 axb5 19. Rxc2 $18) (17... Qxc2 18. Rd2 Qc7 19. Bxf6 (19. bxa6 Bc6 $14) 19... Bxf3 20. Qxf3 $16) (17... Bxf3 {feels hotter.} 18. Qxf3 e4 19. Qe2 axb5 20. c3 Rab8) 18. bxa6 (18. Bxf6 {is more complex.} Bxf6 19. bxa6 Rxa6 20. Bxf7+ Qxf7 21. Rxa6 e4 22. Nd2) 18... Bxa6 19. Bxf7+ $1 Rxf7 20. Rxa6 Rxa6 21. Qxa6 Qxc2 22. Qa1 h6 23. Rc1 Qf5 (23... Qb3 {is interesting.} 24. Rc8+ Kh7 25. Qb1+ g6) 24. Bxf6 Qxf6 25. b4 Qg6 26. Qa8+ Rf8 27. Qd5+ Qf7 28. Qb7 Bd8 29. Qe4 Qf4 30. Qd5+ Qf7 31. Qe4 ({Don't go for} 31. Qxd6 $2 e4 32. Rc3 (32. Rc8 $2 Be7 $19) 32... Be7 $19) 31... Qf4 32. Qd5+ Qf7 33. Qe4 ({Wrong is} 33. Qxd6 $2 e4 34. Rc3 (34. Rc8 $2 Be7 $19) 34... Be7 $19) 1/2-1/2